 Dungeon Crawl Stone Soup version 0.31-a0-640-g39d97e502b (webtiles) character file.

Game seed: 3660743846962819041

29 qw the Shooter (level 3, -2/21 HPs)
             Began as a Gargoyle Hunter on Aug 27, 2023.
             Slain by Sigmund
             ... wielding a +0 scythe
              (6 damage)
             ... on level 2 of the Dungeon.
             The game lasted 00:00:27 (942 turns).

qw the Shooter (Gargoyle Hunter)                     Turns: 942, Time: 00:00:28

Health: -2/21      AC:  7    Str: 14    XL:     3   Next: 16%
Magic:  3/3        EV: 11    Int:  9    God:
Gold:   87         SH:  0    Dex: 15    Spells: 2/2 levels left

rFire   . . .        Y - +0 shortbow
rCold   . . .        (shield currently unavailable)
rNeg    + . .        c - +0 leather armour
rPois   inf          f - +0 helmet
rElec   +            (no cloak)
rCorr   .            (no gloves)
SInv    .            (no boots)
Will    .....        (no amulet)
Stlth   +            (no ring)
HPRegen 0.23/turn    (no ring)
MPRegen 0.08/turn

%: no passive effects
@: confused
A: sickness immunity, AC +3, negative energy resistance 1, electricity
resistance, torment resistance 1, petrification resistance
a: no special abilities


You were on level 2 of the Dungeon.
You visited 1 branch of the dungeon, and saw 2 of its levels.

You collected 87 gold pieces.


Innate Abilities, Weirdness & Mutations

You are immune to sickness and miasma.
Your stone body is resilient. (AC +3)
You are immune to poison.
You resist negative energy. (rN+)
You are resistant to electric shocks. (rElec)
You are resistant to unholy torment.
You are immune to petrification.


   Skills:
 + Level 2.2 Fighting
 - Level 5.0 Ranged Weapons
 - Level 1.5 Dodging
 - Level 1.1 Stealth


You had 2 spell levels left.
You didn't know any spells.
Your spell library was empty.

Inventory:

Hand Weapons
 Y - a +0 shortbow (weapon)
Armour
 c - a +0 leather armour (worn)
 f - a +0 helmet (worn)

Dungeon Overview and Level Annotations

Branches:
Dungeon (2/15)

Altars:

Shops:
D:1 :

Annotations:
D:2 Sigmund


Message History

You see here a bubbling white potion.
926 ||| Stepping randomly (disturbance).
Something hits you but does no damage.
There is a strange disturbance nearby!
Something barely misses you.
928 ||| Stepping randomly (disturbance).
You're too confused to move!
929 ||| Stepping randomly (disturbance).
930 ||| Stepping randomly (disturbance).
You bump into the rock wall.
You stop sporulating.
Your +0 shortbow unmelds from your body.
Your +0 helmet unmelds from your body.
Your +0 leather armour unmelds from your body.
You shoot an arrow. You shoot an arrow. You shoot an arrow.
You feel less confused.
You shoot an arrow. Something hits you.
You shoot an arrow. You shoot an arrow. Something hits you.
You shoot an arrow. Something hits you.
You shoot an arrow.
You hear some strange, mumbled words.
A puff of flame appears from out of thin air!
The puff of flame hits you.
You shoot an arrow.
You hear a zap.
Something tries to affect you, but you resist.
You shoot an arrow.
You hear some strange, mumbled words.
You are confused.
You shoot an arrow. Something hits you but does no damage.
You shoot an arrow. Something hits you.
You die...

.# ###. .# #.. # .# #.# #.
.# ##.#### .##.####.
##.....###........
#.#.....#.#......##### ..
.#.....#.#.....#.#...#....
#.#.....# #.....@#!.......
####.#.## ##.#...{)..#....
#.#.## #.#.##.##### .
##.#.# ##.#...# ##.#.##
##.#.##.#
##.....###.......#
#.#.....#.#....###
.#.....#.#.....#
#.#.....#.#....#


There were no monsters in sight!

Vanquished Creatures
  3 bats (D:1)
  2 endoplasms
  2 goblins
  6 hobgoblins (D:1)
  6 ball pythons (D:1)
  2 frilled lizards (D:1)
  3 kobolds (D:1)
  4 rats
28 creatures vanquished.

Notes
Turn   | Place    | Note
-------+----------+-------------------------------------------
     0 | D:1      | qw the Gargoyle Hunter began the quest for the Orb.
     0 | D:1      | Reached XP level 1. HP: 12/12 MP: 1/1
     0 | D:1      | 0 ||| qw: Version: 0.3-a-74-g0d5e918
     0 | D:1      | 0 ||| qw: Game counter: 66
     0 | D:1      | 0 ||| qw: Melee chars always use a shield: true
     0 | D:1      | 0 ||| qw: God list: Okawaru
     0 | D:1      | 0 ||| qw: Allow faded altars: false
     0 | D:1      | 0 ||| qw: Do Orc after clearing Dungeon:15 true
     0 | D:1      | 0 ||| qw: Do second Lair branch before Depths: true
     0 | D:1      | 0 ||| qw: Lair rune preference: random
     0 | D:1      | 0 ||| qw: Goals: Normal
     0 | D:1      | 0 ||| PLANNING D:1-11
    75 | D:1      | Found a faded altar of an unknown god.
   109 | D:1      | Reached XP level 2. HP: 12/17 MP: 2/2
   509 | D:1      | Reached XP level 3. HP: 21/21 MP: 3/3
   566 | D:1      | Found Ykaigoam's Book Boutique.
   663 | D:1      | 663 ||| UPGRADING to +0 helmet.
   668 | D:1      | 668 ||| READING scroll labelled VEATZU HOCLUR.
   673 | D:1      | 673 ||| READING scroll labelled ICUCRUENAY.
   774 | D:1      | 774 ||| DROPPING scroll of butterflies.
   801 | D:2      | Reached skill level 5 in Ranged Weapons
   900 | D:2      | Noticed Sigmund
   923 | D:2      | 923 ||| Stepping randomly (disturbance).
   925 | D:2      | 925 ||| Stepping randomly (disturbance).
   926 | D:2      | 926 ||| Stepping randomly (disturbance).
   928 | D:2      | 928 ||| Stepping randomly (disturbance).
   929 | D:2      | 929 ||| Stepping randomly (disturbance).
   930 | D:2      | 930 ||| Stepping randomly (disturbance).
   938 | D:2      | HP: 3/21 [something/puff of flame (5)]
   942 | D:2      | Slain by Sigmund

Levels and vault maps discovered:
D:1:      minmay_arrival_nine_rooms, layout_rooms,
          shapermc_ecumenical_altar_starsandcircs, serial_shops, shop,
          minivault_23
D:2:      layout_loops_corners, nicolae_houndstooth_variations, uniq_terence,
          uniq_robin, uniq_sigmund

Skill      XL: |  1  2  3 |
---------------+----------+-----
Ranged Weapons | 5 |  5.0
Fighting       | |  2.2
Dodging        | |  1.5
Stealth        | |  1.1

Action                     || total
---------------------------++-------
   Fire: Shortbow          ||   118
    Use: Scroll            ||     2
 Armour: Leather armour    ||    21
         Skin              ||     2
  Dodge: Dodged            ||    50

Table legend:
 A = Non-vault XP
 B = Vault XP
 C = Vault XP percentage of total XP
 D = Non-vault monster count
 E = Vault monster count
 F = Vault count percentage of total count
                 A         B        C        D         E       F
            +---------+---------+-------+---------+---------+-------
      Total |      42 |       0 |   0.0 |      28 |       0 |   0.0
            +---------+---------+-------+---------+---------+-------
        D:1 |      37 |       0 |   0.0 |      25 |       0 |   0.0
        D:2 |       5 |       0 |   0.0 |       3 |       0 |   0.0
            +---------+---------+-------+---------+---------+-------
